 Dungeon Crawl Stone Soup version 0.30-a0-578-gdee14c521f (webtiles) character file.

Game seed: 15941396594349400064

1598 bande the Chopper (level 8, 0/51 HPs)
             Began as a Gargoyle Fighter on Jan 1, 2023.
             Slain by an ice beast (2 damage)
             ... on level 5 of the Dungeon.
             The game lasted 00:08:23 (6129 turns).

bande the Chopper (Gargoyle Fighter)                Turns: 6129, Time: 00:08:23

Health: 0/51       AC: 15    Str: 20    XL:     8   Next: 94%
Magic:  8/8        EV:  9    Int:  9    God:
Gold:   169        SH:  5    Dex: 11    Spells: 7/7 levels left

rFire   . . .      SeeInvis .    j - +1 broad axe (flame)
rCold   . . .      Faith    .    c - +0 buckler
rNeg    + . .      Spirit   .    b - +0 scale mail
rPois   ∞          Reflect  .    (no helmet)
rElec   +          Harm     .    p - +1 cloak
rCorr   .          Rampage  .    (no gloves)
Will    .....                    (no boots) Stlth
                                 (no amulet)
HPRegen 0.28/turn                (no ring)
MPRegen 0.11/turn                (no ring)

@: no status effects
A: sickness immunity, AC +5, negative energy resistance 1, electricity
resistance, torment resistance 1, petrification resistance
a: no special abilities


You were on level 5 of the Dungeon.
You visited 2 branches of the dungeon, and saw 7 of its levels.

You collected 169 gold pieces.

Inventory:

Hand Weapons
 a - a +0 war axe
 j - a +1 broad axe of flaming (weapon)
Armour
 b - a +0 scale mail (worn)
 c - a +0 buckler (worn)
 p - a +1 cloak (worn)
Wands
 r - a wand of charming (10)
Scrolls
 k - a scroll of brand weapon
 n - a scroll of enchant weapon
 q - a scroll of enchant armour
Potions
 d - 2 potions of might
 e - a potion of berserk rage {unknown}
 f - 3 potions of flight
 h - 6 potions of curing
 i - a potion of invisibility {unknown}
 l - a potion of brilliance {unknown}
 o - 2 potions of degeneration {unknown}
 s - a potion of ambrosia {unknown}


   Skills:
 + Level 6.0 Fighting
 + Level 7.7 Axes
 + Level 5.9 Armour
 - Level 1.1 Stealth
 + Level 4.5 Shields


You had 7 spell levels left.
You didn't know any spells.
Your spell library contained the following spells:

 Spells                   Type           Power      Damage    Failure   Level
 Dazzling Flash           Conj/Hex       0%         N/A       99%         3
 Iskenderun's Mystic Bla  Conj/Tloc      0%         2d3       100%        4
 Starburst                Conj/Fire      0%         6d3       100%        6


Dungeon Overview and Level Annotations

Branches:
Dungeon (6/15)             Temple (1/1) D:5

Altars:
Ashenzari
Elyvilon
Fedhas
Hepliaklqana
Makhleb
Nemelex Xobeh
Qazlal
Ru
Sif Muna
Trog
Uskayaw
Vehumet
Wu Jian
Xom
Yredelemnul


Innate Abilities, Weirdness & Mutations

You are immune to sickness and miasma.
Your stone body is resilient. (AC +5)
You are immune to poison.
You resist negative energy. (rN+)
You are resistant to electric shocks. (rElec)
You are resistant to unholy torment.
You are immune to petrification.


Message History

You hit the orc warrior. You burn the orc warrior.
You hit the ice beast but do no damage. You block the ice beast's attack.
The orc warrior hits you but does no damage.
Unknown command.
The ice beast hits you but does no damage.
The orc warrior barely misses you.
The orc warrior hits you with a +0 hand axe.
You see here a +0 dagger.
The ice beast misses you.
There is a stone staircase leading up here.
The ice beast hits you. The ice beast freezes you!
* * * LOW HITPOINT WARNING * * *
You climb upwards.
There is a stone staircase leading down here.
You hit the ice beast but do no damage.
The ice beast hits you but does no damage. x2
You hit the ice beast.
You melt the ice beast.
The ice beast is moderately wounded.
The ice beast completely misses you.
You hit the ice beast.
You melt the ice beast.
The ice beast is severely wounded.
The ice beast closely misses you.
You closely miss the ice beast.
The ice beast is severely wounded.
The ice beast hits you.
* * * LOW HITPOINT WARNING * * *
The ice beast freezes you!
* * * LOW HITPOINT WARNING * * *
The ice beast completely misses you.
You hit the ice beast.
You melt the ice beast.
The ice beast is severely wounded.
The ice beast barely misses you.
You closely miss the ice beast.
The ice beast is severely wounded.
The ice beast completely misses you.
You closely miss the ice beast.
The ice beast is severely wounded.
The ice beast hits you but does no damage.
The ice beast hits you.
You die...

..#....# #.......###...###..###..
<###...# #.......#...### ##.#....
.# #...###.##........### #......
## ##...#..###..##.....####'##...
.###......####.###...#...#...###.
..........#....###..###..).⌠...##
......###....#..#...# ##.#.......
##....# ##...##.!...###..###....<
...##.###.....##@...##....####...
..###..##......##Y..#..#...# ##.⌠
..###..##.............#....###...
.....................##..###....<
##.......................#.......
####..###..##......##......⌠...##
###..## #..##.....####...#...###.
.##..## #..##....## #...##.###.#
......###..#....## ##.##.#.# #.#


You could see an ice beast.

Vanquished Creatures
  Grinder (D:3)
  Sigmund (D:3)
  Duvessa (D:5)
  2 water moccasins
  A black bear (D:5)
  An ogre (D:4)
  A bullfrog (D:5)
  3 scorpions
  Dowan (D:5)
  2 jellies (D:5)
  Terence (D:3)
  4 hounds
  Crazy Yiuf (D:3)
  An orc wizard (D:6)
  10 adders
  4 worms
  4 dart slugs
  12 orcs
  5 ball pythons
  2 bats
  9 endoplasms
  9 hobgoblins
  10 jackals
  4 quokkas
  3 frilled lizards
  5 giant cockroaches
  5 goblins
  9 kobolds
  4 rats
116 creatures vanquished.

Notes
Turn   | Place    | Note
-------+----------+-------------------------------------------
     0 | D:1      | bande the Gargoyle Fighter began the quest for the Orb.
     0 | D:1      | Reached XP level 1. HP: 14/14 MP: 1/1
   108 | D:1      | Reached XP level 2. HP: 16/19 MP: 2/2
   115 | D:1      | Reached skill level 2 in Axes
  1531 | D:2      | Reached XP level 3. HP: 14/23 MP: 3/3
  1698 | D:2      | Reached XP level 4. HP: 28/29 MP: 4/4
  2253 | D:3      | Noticed Terence
  2271 | D:3      | Killed Terence
  2272 | D:3      | Reached skill level 3 in Axes
  2337 | D:3      | Found a faded altar of an unknown god.
  2352 | D:3      | Reached skill level 1 in Stealth
  2352 | D:3      | Reached XP level 5. HP: 32/33 MP: 5/5
  2357 | D:3      | Noticed Grinder
  2369 | D:3      | Paralysed by Grinder for 5 turns
  2631 | D:3      | Found a faded altar of an unknown god.
  2638 | D:3      | Killed Grinder
  2639 | D:3      | Reached skill level 4 in Axes
  2639 | D:3      | Reached XP level 6. HP: 35/39 MP: 6/6
  3097 | D:3      | Found a runed translucent door.
  3098 | D:3      | Noticed Crazy Yiuf
  3150 | D:3      | Noticed Sigmund
  3157 | D:3      | Killed Sigmund
  3158 | D:3      | Reached skill level 5 in Axes
  3158 | D:3      | Reached XP level 7. HP: 35/44 MP: 7/7
  3323 | D:3      | Killed Crazy Yiuf
  3444 | D:4      | Reached skill level 5 in Fighting
  3546 | D:4      | Identified the +6 dagger "Yprywem" {elec, rN++ Stlth+}
  3569 | D:4      | Found a stormy altar of Qazlal.
  3645 | D:4      | Reached skill level 6 in Axes
  3685 | D:3      | Found a shimmering blue altar of Sif Muna.
  3778 | D:4      | Reached skill level 5 in Armour
  3778 | D:4      | Reached XP level 8. HP: 6/49 MP: 8/8
  4141 | D:4      | Found a basalt altar of Yredelemnul.
  4234 | D:5      | Entered Level 5 of the Dungeon
  4251 | D:5      | Found a hazy altar of Hepliaklqana.
  4659 | D:5      | Noticed Duvessa
  4659 | D:5      | Noticed Dowan
  4661 | D:5      | Reached skill level 7 in Axes
  4679 | D:5      | Killed Duvessa
  4698 | D:5      | Killed Dowan
  5116 | D:5      | Found a staircase to the Ecumenical Temple.
  5129 | Temple   | Entered the Ecumenical Temple
  6126 | D:5      | HP: 1/51 [ice beast (10)]
  6129 | D:5      | Slain by an ice beast

Illustrated notes

Levels and vault maps discovered:
D:1:      evilmike_arrival_plus, layout_basic, serial_forest,
          infiniplex_forest_end_2, infiniplex_forest_lined_3_way,
          infiniplex_forest_lined_3_way, infiniplex_forest_join,
          infiniplex_forest_pool, infiniplex_forest_pool,
          infiniplex_forest_lined_4_way
D:2:      layout_basic
D:3:      layout_loops_corners, nicolae_overflow_ecumenical_swirl,
          chequers_ecumenical_altar_island, uniq_terence, uniq_sigmund,
          uniq_grinder, uniq_crazy_yiuf_cottage
D:4:      layout_rooms, mainiacjoe_overflow_tiny_flanked,
          mainiacjoe_overflow_surrounded_room, minmay_checkerbox
D:5:      layout_layer_cave, old_standard_altar, minmay_temple_entry_ruins,
          kennysheep_small_spiral, grunt_ministairs_13,
          corexii_item_surrounded_by_moat, uniq_duvessa
D:6:      layout_cave_pools
Temple:   grunt_temple_mini_profane

Skill      XL: |  1  2  3  4  5  6  7  8 |
---------------+-------------------------+-----
Axes           | 2 3 4 5 6 7 |  7.7
Armour         | 4 5 |  5.9
Fighting       | 4 5 6 |  6.0
Stealth        | 1 |  1.1
Shields        | 4 |  4.5

Action                   |  1- 3 |  4- 6 |  7- 9 || total
-------------------------+-------+-------+-------++-------
Melee: War axe           |    31 |       |       ||    31
       Broad axe         |    45 |   114 |   158 ||   317
  Use: Scroll            |     1 |     3 |     5 ||     9
Armor: Scale mail        |    41 |    60 |   101 ||   202
Dodge: Dodged            |    51 |    45 |    85 ||   181
Block: Buckler           |    21 |    27 |    36 ||    84

Table legend: (Time is in decaauts)
 A = Elapsed time spent in this place.
 B = Non-inter-level travel time spent in this place.
 C = Inter-level travel time spent in this place.
 D = Time resting spent in this place.
 E = Time spent auto-exploring this place.
 F = Levels seen in this place.
 G = Mean time per level.
                   A        B        C        D        E       F      G
               +--------+--------+--------+--------+--------+-----+--------+
         Total |   6279 |   5933 |    346 |    686 |   4122 |   7 |  897.0 |
       Dungeon |   6047 |   5701 |    346 |    686 |   3952 |   6 | 1007.8 |
        Temple |    231 |    231 |      0 |      0 |    170 |   1 |  231.0 |
               +--------+--------+--------+--------+--------+-----+--------+

Top non-repeatable levels by time:
     D:5: 1664 daAuts
     D:1: 1416 daAuts
     D:3: 1216 daAuts
     D:2: 890 daAuts
     D:4: 831 daAuts
  Temple: 231 daAuts
     D:6: 28 daAuts
